 Dungeon Sprint DCSS version 0.27.1 (webtiles) character file.

Game seed: 7939829424992240534

178 styxcanada the Covert (level 5, -6/28 HPs)
             Began as a Spriggan Brigand on Sept 2, 2021.
             Was an Initiate of Gozag.
             Mangled by a spriggan (16 damage)
             ... in the Dungeon (Sprint IV: "Fedhas' Mad Dash").
             The game lasted 00:01:48 (276 turns).

styxcanada the Covert (Spriggan Brigand)             Turns: 276, Time: 00:01:49

Health: -6/28      AC:  3    Str:  7    XL:     5   Next: 32%
Magic:  6/6        EV: 19    Int: 12    God:    Gozag
Gold:   166        SH:  0    Dex: 18    Spells: 4/4 levels left

rFire    . . .     SeeInvis +   a - +2 dagger
rCold    . . .     Faith    .   (shield restricted)
rNeg     . . .     Spirit   .   b - +0 robe
rPois    .         Reflect  .   (helmet restricted)
rElec    .         Harm     .   c - +0 cloak
rCorr    .         Rampage  .   (gloves unavailable)
Will     .....     NoTele   +   (boots unavailable)
Stlth    ++++++....             j - amulet of invisibility {+Inv}
HPRegen  0.09/turn              (no ring)
MPRegen  0.10/turn              (no ring)

@: very slightly contaminated, very quick
A: very small, no large weapons, unfitting armour, see invisible, speed 3
a: Renounce Religion, Evoke Invisibility, Potion Petition, Call Merchant, Bribe
Branch


You were in the Dungeon.
You worshipped Gozag.
Gozag was aware of your devotion.
You visited 1 branch You collected 166 gold pieces.

Inventory:

Hand Weapons
 a - a +2 dagger (weapon)
Missiles
 d - 2 poisoned darts (quivered)
 e - 2 curare-tipped darts
 l - 8 boomerangs
Armour
 b - a +0 robe (worn)
 c - a +0 cloak (worn)
Jewellery
 j - the amulet of invisibility (around neck) {+Inv}
   (You found it in the Dungeon)

   [amulet of nothing]

   +Inv:      It lets you turn invisible.
Scrolls
 k - a scroll of blinking
 m - a scroll of immolation {unknown}
Potions
 f - a potion of curing
 g - 3 potions of heal wounds
 h - a potion of haste
 i - 2 potions of magic


   Skills:
 * Level 3.3 Fighting
 + Level 3.6 Short Blades
 + Level 3.4 Throwing
 * Level 5.0 Dodging
 * Level 13.9 Stealth
 + Level 1.1 Evocations


You had 4 spell levels left.
You didn't know any spells.
Your spell library was empty.

Dungeon Overview and Level Annotations

Branches:
Dungeon (1/1)

Altars:
Cheibriados
Dithmenos
Elyvilon
Gozag
Hepliaklqana
Kikubaaqudgha
Makhleb
Nemelex Xobeh
Okawaru
Qazlal
Ru
Sif Muna
Trog
Uskayaw
Vehumet
Wu Jian
Xom
Yredelemnul
Zin
The Shining One
Beogh
Jiyva
Lugonu


Innate Abilities, Weirdness & Mutations

You are very small and have problems with some larger weapons.
You are too small for most types of armour.
You have supernaturally acute eyesight. (SInv)
You cover ground extremely quickly. (Speed+++)


Message History

You are no longer poisoned.
Throw: 6 darts (poison)
Press: ? - help, Q - select action, (/) - cycle Shift-Dir - straight line, f/p - spriggan
Aim: a spriggan, wielding a +0 dagger and wearing a +0 robe (36% to hit)
You throw a poisoned dart.
The poisoned dart closely misses the spriggan.
You flicker for a moment.
The spriggan barely misses you.
There is an ancient bone altar of Kikubaaqudgha here.
Unknown command.
Press < or > to pray at altars.
There is a viscous altar of Jiyva here.
Throw: 5 darts (poison)
Press: ? - help, Q - select action, (/) - cycle Shift-Dir - straight line, f/p - spriggan
Aim: a spriggan, wielding a +0 dagger and wearing a +0 robe (36% to hit)
You throw a poisoned dart. The poisoned dart misses the spriggan.
The spriggan misses you.
Unknown command.
Press < or > to pray at altars.
There is a hazy altar of Hepliaklqana here.
The spriggan hits you with a +0 dagger.
Throw: 4 darts (poison)
Press: ? - help, Q - select action, (/) - cycle Shift-Dir - straight line, f/p - spriggan
Aim: a spriggan, wielding a +0 dagger and wearing a +0 robe (36% to hit)
You throw a poisoned dart.
The poisoned dart closely misses the spriggan.
The poisoned dart closely misses the spriggan.
You flicker back into view.
There is an opulent altar of Gozag here.
There is an open door here.
Throw: 3 darts (poison)
Press: ? - help, Q - select action, (/) - cycle Shift-Dir - straight line, f/p - spriggan
Aim: a spriggan, wielding a +0 dagger and wearing a +0 robe (36% to hit)
You throw a poisoned dart.
The poisoned dart closely misses the spriggan.
The poisoned dart hits the spriggan.
The spriggan is poisoned.
The spriggan hits you with a +0 rapier!
Ouch! That really hurt!
You die...
Your body crumbles into a pile of gold.

################################
#<...#.....#.....#.⌠._._._(_.⌠.#
#PP..'.....'.#.@ii.._._._._._..'
#PPPP#.....#.#...#..._._._._...#
###############+##.._._._._._..#
#._._._._._.⌠.# $
$###############


$$$$ $ $$ $ You could see 2 spriggans.

Vanquished Creatures
  A scorpion (D)
  3 oklob saplings (D)
  A river rat (D)
  A rat (D)
6 creatures vanquished.

Vanquished Creatures (others)
  A fungus (D)
1 creature vanquished.

Grand Total: 7 creatures vanquished

Notes
Turn   | Place    | Note
-------+----------+-------------------------------------------
     0 | D        | styxcanada the Spriggan Brigand began the quest for the
                  | Orb.
     0 | D        | Reached XP level 1. HP: 10/10 MP: 2/2
    18 | D        | Reached skill level 7 in Stealth
    18 | D        | Reached XP level 2. HP: 11/15 MP: 3/3
   106 | D        | Noticed an oklob sapling
   110 | D        | Killed an oklob sapling
   111 | D        | Reached skill level 9 in Stealth
   111 | D        | Reached XP level 3. HP: 18/18 MP: 4/4
   150 | D        | Noticed a scorpion
   150 | D        | Found the amulet of invisibility {+Inv}
   152 | D        | Killed a scorpion
   153 | D        | Reached skill level 11 in Stealth
   153 | D        | Reached XP level 4. HP: 23/23 MP: 5/5
   174 | D        | Found an opulent altar of Gozag.
   174 | D        | Found a hazy altar of Hepliaklqana.
   174 | D        | Found a burning altar of Makhleb.
   174 | D        | Found a sparkling altar of Nemelex Xobeh.
   174 | D        | Found a snail-covered altar of Cheibriados.
   174 | D        | Found a sacrificial altar of Ru.
   174 | D        | Found a shimmering blue altar of Sif Muna.
   174 | D        | Found a shimmering altar of Xom.
   174 | D        | Found a basalt altar of Yredelemnul.
   175 | D        | Found a viscous altar of Jiyva.
   175 | D        | Found a bloodstained altar of Trog.
   175 | D        | Found an ornate altar of the Wu Jian Council.
   176 | D        | Found an iron altar of Okawaru.
   176 | D        | Found a shadowy altar of Dithmenos.
   176 | D        | Found a glowing silver altar of Zin.
   177 | D        | Found an ancient bone altar of Kikubaaqudgha.
   177 | D        | Found a hide-covered altar of Uskayaw.
   178 | D        | Found a stormy altar of Qazlal.
   178 | D        | Found a white marble altar of Elyvilon.
   178 | D        | Found a glowing golden altar of the Shining One.
   179 | D        | Became a worshipper of Gozag Ym Sagoz the Greedy
   180 | D        | Found a corrupted altar of Lugonu.
   180 | D        | Found a radiant altar of Vehumet.
   184 | D        | Reached skill level 13 in Stealth
   184 | D        | Reached XP level 5. HP: 28/28 MP: 3/6
   196 | D        | Reached skill level 5 in Dodging
   196 | D        | Reached skill level 1 in Evocations
   276 | D        | Mangled by a spriggan

Illustrated notes

Levels and vault maps discovered:
D:        dungeon_sprint_fedhas [sprint_temple]

Skill      XL: |  1  2  3  4  5 |
---------------+----------------+-----
Dodging        | 2 4 5 |  5.0
Stealth        | 7 9 11 13 | 13.9
Fighting       | 2 3 |  3.3
Short Blades   | 3 |  3.6
Throwing       | 3 |  3.4
Evocations     | 1 |  1.1

Action                   |  1- 3 |  4- 6 || total
-------------------------+-------+-------++-------
Melee: Dagger            |     8 |     6 ||    14
Throw: Dart              |     7 |     5 ||    12
 Abil: Evoke Invisibilit |       |     2 ||     2
  Use: Potion            |     1 |       ||     1
 Stab: Sleeping          |     1 |     2 ||     3
Dodge: Dodged            |     4 |     8 ||    12
